 Dungeon Crawl Stone Soup version 0.31-a0-963-ga325b2283a (webtiles) character file.

Game seed: 15586306645421077323

158 MacCMillion the Ruffian (level 5, -6/34 HPs)
             Began as an Octopode Shapeshifter on Oct 25, 2023.
             Mangled by an ice beast (10 damage)
             ... on level 4 of the Dungeon.
             The game lasted 00:04:20 (2635 turns).

MacCMillion the Ruffian (Octopode Shapeshifter)     Turns: 2635, Time: 00:04:21

Health: -6/34      AC:  1    Str: 15    XL:     5   Next: 40%
Magic:  5/5        EV: 13    Int: 13    God:
Gold:   179        SH:  0    Dex: 11    Spells: 4/4 levels left

rFire   . .          .
                       - Unarmed
rCold   . . .        (no shield)
rNeg    . . .        (helmet currently unavailable)
rPois   .            (no amulet)
rElec   .            (no ring)
rCorr   .            (no ring)
SInv    .            (no ring)
Will    .....        (no ring)
Stlth   ++           (no ring)
HPRegen 0.25/turn    (no ring)
MPRegen 0.09/turn    (no ring)
                     (no ring)

%: no passive effects
@: beast-form
A: beast (slay +2), almost no armour, amphibious, 8 rings, camouflage 1,
gelatinous body 1, (nimble swimmer 1), tentacles
a: Begin Untransformation


You were on level 4 of the Dungeon.
You were a hulking beast.
You visited 1 branch of the dungeon, and saw 4 of its levels.

You collected 218 gold pieces.
You spent 39 gold pieces at shops.

Inventory:

Missiles
 d - 5 poisoned darts
Jewellery
 o - the amulet of the Firefly {Spirit Will+}
   (You found it on level 3 of the Dungeon)

   [amulet of guardian spirit]

   Spirit:    It causes incoming damage to be divided between your reserves of
   health and magic.
   Will+:     It increases your willpower.
Talismans
 b - a beast talisman
 c - a flux talisman
Wands
 q - a wand of iceblast (9)
Scrolls
 h - 2 scrolls of teleportation {unknown}
 j - a scroll of noise {unknown}
 k - a scroll of fear {unknown}
 m - a scroll of fog {unknown}
 n - a scroll of identify {unknown}
 p - a scroll of poison {unknown}
 r - a scroll of vulnerability {unknown}
Potions
 a - 3 potions of lignification
 e - a potion of might {unknown}
 f - 2 potions of curing
 g - a potion of cancellation {unknown}
 i - a potion of mutation {unknown}
 l - a potion of heal wounds {unknown}
 s - a potion of haste {unknown}


   Skills:
 + Level 2.3 Fighting
 + Level 2.9 Dodging
 * Level 4.3 Unarmed Combat
 + Level 3.6 Shapeshifting


You had 4 spell levels left.
You didn't know any spells.
Your spell library was empty.

Dungeon Overview and Level Annotations

Branches:
Dungeon (4/15)
 Temple: D:4-7

Altars:

Shops:
D:1 *


Innate Abilities, Weirdness & Mutations

You are a hulking beast.
Your limbs bulge with bestial killing power. (Slay +2)
You cannot wear most types of armour.
You are amphibious.
You can wear up to eight rings at the same time.
Your skin changes colour to match your surroundings (Stealth+).
Your rubbery body absorbs attacks. (AC +1, EV +1)
((You are camouflaged when in or above water. (Stealth+)))
You have tentacles for arms and can constrict up to eight enemies at once.


Message History

The ice beast hits you. The ice beast freezes you!
You barely miss the ice beast.
The ice beast is moderately wounded.
A jackal comes into view. x2
The jackal barks!
You tentacle-slap the ice beast.
The ice beast is moderately wounded.
You hear a shout!
The ice beast closely misses you.
You barely miss the ice beast. Your squeeze misses the ice beast.
The ice beast is moderately wounded.
The ice beast hits you. The ice beast freezes you!
An orc wizard comes into view. It is wielding a +0 dagger.
An orc comes into view.
It is wielding a +0 flail of protection.
A black bear comes into view.
You barely miss the ice beast.
The ice beast is moderately wounded.
The ice beast closely misses you.
The black bear growls angrily.
You tentacle-slap the ice beast.
The ice beast is heavily wounded.
The ice beast barely misses you.
The orc shouts!
You tentacle-slap the ice beast.
The ice beast is severely wounded.
You hear a shout!
The ice beast hits you.
* * * LOW HITPOINT WARNING * * *
The ice beast freezes you.
* * * LOW HITPOINT WARNING * * *
An orc priest comes into view.
It is wielding a +0 short sword of protection.
You tentacle-slap the ice beast.
The ice beast is severely wounded.
The orc wizard casts a spell.
The orc wizard flickers and vanishes!
Deactivating autopickup; reactivate with Ctrl-A.
The ice beast hits you.
* * * LOW HITPOINT WARNING * * *
The ice beast freezes you!
You die...

..............#......
o...<#...............[.
.. #..#.#.#.###.##.##
o{ #..#.....# #.##.#
.##..#.#.#.###.##.##
....#)......>......
.hh##.###........#.
#.#Y##.# #####.####.
#.#h##.# #.# #.
#......# #.# #.
###........# #.#####
########.# #......
####### ####### .......
####### #


You could see an ice beast, an orc priest, an orc and 2 jackals.

Vanquished Creatures
  An orc priest (D:2)
  3 adders
  4 dart slugs
  7 orcs
  3 ball pythons
  2 bats (D:1)
  10 endoplasms
  3 giant cockroaches
  7 goblins
  7 hobgoblins
  4 jackals (D:4)
  9 kobolds
  5 quokkas
  6 frilled lizards
  6 rats
77 creatures vanquished.

Notes
Turn   | Place    | Note
-------+----------+-------------------------------------------
     0 | D:1      | MacCMillion the Octopode Shapeshifter began the quest for
                  | the Orb.
     0 | D:1      | Reached XP level 1. HP: 13/13 MP: 1/1
   208 | D:1      | Reached XP level 2. HP: 18/18 MP: 2/2
   350 | D:1      | Found Ixzeleemm's General Store.
   358 | D:1      | Bought a potion of curing for 39 gold pieces
   387 | D:1      | Reached XP level 3. HP: 12/23 MP: 3/3
  1198 | D:2      | Reached XP level 4. HP: 27/29 MP: 4/4
  1443 | D:2      | Reached skill level 4 in Unarmed Combat
  1909 | D:3      | Reached XP level 5. HP: 32/34 MP: 5/5
  1947 | D:3      | Identified the amulet of the Firefly {Spirit Will+}
  2405 | D:4      | Identified the +3 robe "Vufona" {Will+}
  2453 | D:4      | Identified the +5 falchion of Conscience {elec, *Noise
                  | rF+++ rN+ Will+}
  2612 | D:4      | Noticed an ice beast
  2632 | D:4      | Noticed a black bear
  2635 | D:4      | Mangled by an ice beast

Illustrated notes

Levels and vault maps discovered:
D:1:      matt_arrival_los_fun, layout_rooms, serial_shops, shop
D:2:      cheibrodos_pilgrimage, layout_loops_corners,
          kennysheep_decorative_pillar
D:3:      layout_rooms
D:4:      layout_loops_ring, uniq_robin

Skill      XL: |  1  2  3  4 |
---------------+-------------+-----
Fighting       | 2 |  2.3
Unarmed Combat | 4 |  4.3
Dodging        | |  2.9
Shapeshifting  | |  3.6

Action                     |  1- 3 |  4- 6 || total
---------------------------+-------+-------++-------
  Melee: Unarmed           |    65 |    82 ||   147
         Constrict         |    18 |    20 ||    38
         Tentacles         |     9 |    10 ||    19
         Punch             |     4 |     3 ||     7
   Stab: Sleeping          |     7 |     7 ||    14
         Distracted        |       |     2 ||     2
 Armour: Skin              |    25 |    29 ||    54
  Dodge: Dodged            |    42 |    34 ||    76

Table legend: (Time is in decaauts)
 A = Elapsed time spent in this place.
 B = Non-inter-level travel time spent in this place.
 C = Inter-level travel time spent in this place.
 D = Time resting spent in this place.
 E = Time spent auto-exploring this place.
 F = Levels seen in this place.
 G = Mean time per level.
                   A        B        C        D        E       F      G
               +--------+--------+--------+--------+--------+-----+--------+
         Total |   2624 |   2541 |     83 |    142 |   1852 |   4 |  656.0 |
       Dungeon |   2624 |   2541 |     83 |    142 |   1852 |   4 |  656.0 |
               +--------+--------+--------+--------+--------+-----+--------+

Top non-repeatable levels by time:
     D:2: 1043 daAuts
     D:1: 855 daAuts
     D:3: 482 daAuts
     D:4: 243 daAuts
